 Dungeon Sprint DCSS version 0.31.0-9-g3a7656b989 (webtiles) character file.

Game seed: 2354471941457415751

15278 Heoruswealwe the Phalangite (level 11, -7/121 HPs)
             Began as a Minotaur Fighter on Feb 4, 2024.
             Was an Initiate of Gozag.
             Mangled by an orc high priest
             ... wielding a +0 hand axe
              (8 damage)
             ... in the Dungeon (Sprint IX: "|||||||||||||||||||||||||||||").
             The game lasted 00:11:19 (1644 turns).

Heoruswealwe the Phalangite (Minotaur Fighter)      Turns: 1644, Time: 00:11:20

Health: -7/121     AC: 26    Str: 25    XL:     11   Next: 99%
Magic:  10/10      EV: 10    Int:  5    God:    Gozag
Gold:   7722       SH:  0    Dex: 10    Spells: 10/10 levels left

rFire   . . .        b - +2 halberd (protect)
rCold   . . .        (shield currently unavailable)
rNeg    . . .        c - +0 plate armour
rPois   .            (helmet restricted)
rElec   .            h - +0 cloak
rCorr   .            f - +0 pair of gloves
SInv    .            e - +0 pair of boots
Will    .....        (no amulet) Stlth
                     k - +2 ring of evasion
HPRegen 0.40/turn    (no ring)
MPRegen 0.12/turn

%: no teleportation
@: corroded, under a protective aura
A: horns 2, retaliatory headbutt
a: Renounce Religion, Potion Petition, Call Merchant, Bribe Branch


You were in the Dungeon.
You worshipped Gozag.
Gozag was greatly pleased with you.
You visited 1 branch You collected 7722 gold pieces.

Inventory:

Hand Weapons
 a - a +0 trident
 b - a +2 halberd of protection (weapon)
Armour
 c - a +0 plate armour (worn)
 d - a +0 buckler
 e - a +0 pair of boots (worn)
 f - a +0 pair of gloves (worn)
 h - a +0 cloak (worn)
Jewellery
 k - a +2 ring of evasion (left hand)
Wands
 n - a wand of flame (30)
 p - a wand of light (10)
Scrolls
 j - 3 scrolls of blinking
 o - 3 scrolls of identify
Potions
 g - a potion of haste
 i - 6 potions of curing
 m - a potion of might


   Skills:
 + Level 18.5 Fighting
 * Level 24.8 Polearms
 + Level 18.5 Armour
 - Level 3.6 Shields


You had 10 spell levels left.
You didn't know any spells.
Your spell library was empty.

Dungeon Overview and Level Annotations

Branches:
Dungeon (1/1)

Altars:
Cheibriados
Dithmenos
Elyvilon
Fedhas
Gozag
Hepliaklqana
Kikubaaqudgha
Makhleb
Nemelex Xobeh
Okawaru
Qazlal
Ru
Sif Muna
Trog
Uskayaw
Vehumet
Wu Jian
Xom
Yredelemnul
Zin
The Shining One
Jiyva
Lugonu

Shops:
D :


Innate Abilities, Weirdness & Mutations

You have a pair of horns on your head.
You reflexively headbutt those who attack you in melee.


Message History

Beogh smites you!
* * * LOW HITPOINT WARNING * * *
The orc high priest mumbles some strange prayers to Beogh against you.
Beogh smites you!
* * * LOW HITPOINT WARNING * * *
The orc high priest hits you with a +0 hand axe.
* * * LOW HITPOINT WARNING * * *
You feel much better.
The rust devil is no longer distracted by gold.
The smoke demon gestures at you. Beogh smites you!
* * * LOW HITPOINT WARNING * * *
The orc high priest hits you with a +0 hand axe!
* * * LOW HITPOINT WARNING * * *
You hit the orc high priest.
Your weapon exudes an aura of protection.
The orc high priest is heavily wounded.
You puncture the orc high priest! You headbutt the orc high priest.
The orc high priest is severely wounded.
The orc high priest utters an invocation to Beogh.
You feel much better.
The orc high priest hits you with a +0 hand axe!
* * * LOW HITPOINT WARNING * * *
The rust devil hits you.
* * * LOW HITPOINT WARNING * * *
The rust devil corrodes you!
You closely miss the orc high priest.
You headbutt the orc high priest, but do no damage.
The orc high priest is severely wounded.
The orc high priest no longer looks unusually strong.
The orc high priest mumbles some strange prayers to Beogh.
The smoke demon gestures at you. Beogh smites you!
* * * LOW HITPOINT WARNING * * *
The orc high priest calls down the wrath of Beogh upon you.
Beogh smites you!
* * * LOW HITPOINT WARNING * * *
The orc high priest hits you with a +0 hand axe!
You die...
Your body crumbles into a pile of gold.

▓_▓.▓'▓.▓.▓
▓_▓.▓.▓.▓.▓
▓_▓.▓.▓.▓.▓
▓_▓.▓.▓.▓.▓
▓_▓.▓.▓.▓.▓
▓_▓.▓.▓.▓.▓
▓_▓.▓.▓.▓.▓
▓_▓.▓.▓.▓4▓
▓_▓.▓.▓.▓@▓
▓_▓.▓.▓.▓o▓
▓'▓.▓'▓.▓o▓
▓!▓.▓.▓.▓3▓
▓?▓.▓.▓.▓3▓
▓)▓.▓.▓.▓o▓
▓[▓.▓.▓.▓4▓
▓[▓.▓.▓.▓4▓
▓=▓.▓.▓.▓


You could see 3 orc high priests, an orange demon (summoned), 2 rust devils and
2 smoke demons.

Vanquished Creatures
  Josephine (D)
  2 hydras (D)
  Harold (D)
  2 centaur warriors (D)
  A death yak (D)
  2 orc high priests (D)
  A lindwurm (D)
  4 orc knights (D)
  2 orc sorcerers (D)
  2 cyclopes (D)
  A black mamba (D)
  A cane toad (D)
  4 komodo dragons (D)
  6 polar bears (D)
  A troll (D)
  A slime creature (D)
  A vampire (D)
  A wyvern (D)
  3 wraiths (D)
  3 yaks (D)
  An acid dragon (D)
  3 water moccasins (D)
  2 black bears (D)
  8 orc warriors (D)
  A centaur (D)
  2 phantoms (D)
  3 bullfrogs (D)
  2 orc priests (D)
  A jelly (D)
  An iguana (D)
  3 orc wizards (D)
  2 dart slugs (D)
  10 orcs (D)
  A hobgoblin (D)
  2 kobolds (D)
  A rat (D)
83 creatures vanquished.

Notes
Turn   | Place    | Note
-------+----------+-------------------------------------------
     0 | D        | Heoruswealwe the Minotaur Fighter began the quest for the
                  | Orb.
     0 | D        | Reached XP level 1. HP: 19/19 MP: 0/0
     6 | D        | Reached skill level 3 in Polearms
    19 | D        | Noticed an iguana
    19 | D        | Noticed a jelly
    19 | D        | Noticed a phantom
    19 | D        | Noticed a phantom
    25 | D        | Killed an iguana
    26 | D        | Reached skill level 5 in Fighting
    26 | D        | Reached skill level 5 in Polearms
    26 | D        | Reached skill level 5 in Armour
    26 | D        | Reached XP level 2. HP: 10/29 MP: 1/1
    26 | D        | Reached XP level 3. HP: 13/36 MP: 2/2
    28 | D        | Reached skill level 6 in Polearms
    30 | D        | Killed a phantom
    31 | D        | Reached skill level 8 in Polearms
    31 | D        | Reached XP level 4. HP: 16/45 MP: 3/3
    35 | D        | Killed a phantom
    36 | D        | Reached skill level 10 in Polearms
    36 | D        | Reached XP level 5. HP: 19/53 MP: 4/4
    44 | D        | Found a snail-covered altar of Cheibriados.
    44 | D        | Found a shadowy altar of Dithmenos.
    44 | D        | Found a white marble altar of Elyvilon.
    44 | D        | Found a blossoming altar of Fedhas.
    44 | D        | Found an opulent altar of Gozag.
    45 | D        | Found a hazy altar of Hepliaklqana.
    46 | D        | Found a viscous altar of Jiyva.
    47 | D        | Found an ancient bone altar of Kikubaaqudgha.
    48 | D        | Found a corrupted altar of Lugonu.
    49 | D        | Found a burning altar of Makhleb.
    50 | D        | Found a sparkling altar of Nemelex Xobeh.
    51 | D        | Found an iron altar of Okawaru.
    52 | D        | Became a worshipper of Gozag Ym Sagoz the Greedy
    53 | D        | Found a stormy altar of Qazlal.
    54 | D        | Found a sacrificial altar of Ru.
    55 | D        | Found a shimmering blue altar of Sif Muna.
    56 | D        | Found a bloodstained altar of Trog.
    57 | D        | Found a hide-covered altar of Uskayaw.
    58 | D        | Found a radiant altar of Vehumet.
    59 | D        | Found an ornate altar of the Wu Jian Council.
    60 | D        | Found a shimmering altar of Xom.
    61 | D        | Found a basalt altar of Yredelemnul.
    62 | D        | Found a glowing silver altar of Zin.
    63 | D        | Found a glowing golden altar of the Shining One.
   160 | D        | Noticed a yak
   160 | D        | Noticed a yak
   160 | D        | Noticed an acid dragon
   160 | D        | Noticed a vampire
   160 | D        | Noticed a centaur
   167 | D        | Killed a yak
   168 | D        | Reached skill level 11 in Polearms
   168 | D        | Reached XP level 6. HP: 56/62 MP: 5/5
   180 | D        | Killed a yak
   181 | D        | Reached skill level 12 in Polearms
   184 | D        | Reached XP level 7. HP: 48/71 MP: 6/6
   190 | D        | Killed a vampire
   191 | D        | Reached skill level 10 in Fighting
   191 | D        | Reached skill level 13 in Polearms
   191 | D        | Reached skill level 10 in Armour
   201 | D        | Reached skill level 14 in Polearms
   301 | D        | Noticed a cyclops
   301 | D        | Noticed a slime creature
   301 | D        | Noticed a cyclops
   301 | D        | Noticed a centaur warrior
   301 | D        | Noticed a centaur warrior
   301 | D        | Noticed a troll
   306 | D        | Killed a cyclops
   307 | D        | Reached skill level 15 in Polearms
   307 | D        | Reached XP level 8. HP: 67/82 MP: 7/7
   312 | D        | Killed a slime creature
   318 | D        | Killed a cyclops
   319 | D        | Reached skill level 16 in Polearms
   326 | D        | Killed a centaur warrior
   327 | D        | Reached skill level 17 in Polearms
   327 | D        | Reached XP level 9. HP: 62/93 MP: 8/8
   335 | D        | Killed a centaur warrior
   336 | D        | Reached skill level 18 in Polearms
   339 | D        | Killed a troll
   590 | D        | Noticed a komodo dragon
   590 | D        | Noticed a cane toad
   592 | D        | Noticed a black mamba
   598 | D        | Killed a komodo dragon
   604 | D        | Reached skill level 19 in Polearms
   607 | D        | Noticed a komodo dragon
   608 | D        | Killed a cane toad
   609 | D        | Reached XP level 10. HP: 45/104 MP: 9/9
   613 | D        | Killed a black mamba
   627 | D        | Reached skill level 20 in Polearms
   782 | D        | Noticed a four-headed hydra
   782 | D        | Noticed a lindwurm
   782 | D        | Noticed a death yak
   789 | D        | Killed a seven-headed hydra
   790 | D        | Reached skill level 15 in Fighting
   790 | D        | Reached skill level 15 in Armour
   793 | D        | Noticed a five-headed hydra
   799 | D        | Killed a lindwurm
   804 | D        | Killed a death yak
   805 | D        | Reached skill level 21 in Polearms
   872 | D        | Killed a 12-headed hydra
   884 | D        | Reached XP level 11. HP: 87/115 MP: 10/10
   962 | D        | Reached skill level 22 in Polearms
  1098 | D        | Noticed Josephine
  1111 | D        | Killed Josephine
  1123 | D        | Reached skill level 23 in Polearms
  1160 | D        | Noticed Harold
  1176 | D        | Killed Harold
  1357 | D        | Noticed an orc knight
  1358 | D        | Noticed an orc sorcerer
  1363 | D        | Noticed an orc sorcerer
  1382 | D        | Killed an orc knight
  1392 | D        | Killed an orc sorcerer
  1396 | D        | Paralysed by an orc sorcerer for 2 turns
  1406 | D        | Killed an orc sorcerer
  1430 | D        | Reached skill level 24 in Polearms
  1602 | D        | Found Ucsiuqe's Book Emporium.
  1602 | D        | Noticed an orc knight
  1602 | D        | Noticed an orc high priest
  1602 | D        | Noticed an orc knight
  1602 | D        | Noticed an orc high priest
  1602 | D        | Noticed an orc knight
  1605 | D        | Noticed an orc high priest
  1606 | D        | Killed an orc knight
  1608 | D        | Noticed an orc high priest
  1613 | D        | Killed an orc high priest
  1615 | D        | Killed an orc knight
  1619 | D        | Noticed an orc high priest
  1621 | D        | Killed an orc high priest
  1636 | D        | Killed an orc knight
  1639 | D        | HP: 6/121 [orc high priest/divine providence (14)]
  1644 | D        | HP: 1/121 [orc high priest/divine providence (14)]
  1644 | D        | Mangled by an orc high priest

Illustrated notes

Levels and vault maps discovered:
D:        linesprint [early_d, line_temple, items_1, d_10, items_2, lair_1,
          lair_end, items_3, orc_1, orc_end, items_4, d_15, swamp_1, shoals_1,
          snake_1, spider_1, d_20, vaults_1, items_5, swamp_end, shoals_end,
          snake_end, spider_end, vaults_end, d_27, items_6, zot_1, zot_end,
          crypt_end, forest_end, elf_end, slime_end, tomb_end, abyss_end,
          pan_hell_end]

Skill      XL: |  1  2  3  4  5  6  7  8  9 10 11 |
---------------+----------------------------------+-----
Polearms       | 5 8 10 11 12 15 17 19 21 24 | 24.8
Fighting       | 5 6 7 8 9 11 13 14 16 18 | 18.5
Armour         | 5 6 7 8 9 11 13 14 16 18 | 18.5
Shields        | |  3.6

Action                     |  1- 3 |  4- 6 |  7- 9 | 10-12 || total
---------------------------+-------+-------+-------+-------++-------
  Melee: Trident           |    18 |     7 |       |       ||    25
         Headbutt          |     4 |     1 |    17 |    62 ||    84
         Halberd           |       |    15 |    70 |   243 ||   328
    Use: Potion            |       |       |       |    11 ||    11
   Stab: Distracted        |       |       |     1 |       ||     1
 Armour: Scale mail        |     5 |     2 |       |       ||     7
         Plate armour      |       |    11 |    44 |   156 ||   211
  Dodge: Dodged            |     6 |     6 |    18 |    60 ||    90
  Block: Buckler           |     2 |     2 |       |       ||     4
